 Dungeon Crawl Stone Soup version 0.20.0 (webtiles) character file.

120367 Llamajah the Severer (level 17, -2/121 HPs)
             Began as a Formicid Fighter on July 12, 2017.
             Was the Champion of Cheibriados.
             Splashed by a crimson imp's acid (15 damage)
             ... on level 15 of the Dungeon.
             The game lasted 01:40:17 (27886 turns).

Llamajah the Severer (Formicid Fighter)            Turns: 27886, Time: 01:40:17

Health: -2/121     AC: 28    Str: 38    XL:     17   Next: 37%
Magic:  19/22      EV: 21    Int: 23    God:    Cheibriados [******]
Gold:   118        SH: 18    Dex: 39    Spells: 16/16 levels left

rFire    + . .     SeeInvis +   u - +8 lajatang of Uncomfortable Rashes {venom, *Noise Dex+8}
rCold    + + .     Gourm    .   c - +0 shield
rNeg     + + +     Faith    .   i - +4 plate armour {MR+}
rPois    .         Spirit   .   (helmet unavailable)
rElec    .         Reflect  .   I - scarf {cloud immunity}
rCorr    .         Harm     +   J - +1 pair of gloves
MR       ++...                  S - +2 pair of boots
Stlth    ..........             p - amulet of harm
Regen    0.3/turn               E - ring "Lieng" {rF+ rC+ rN++ Dex-3 SInv}
MPRegen  0.2/turn               K - ring "Bapyptin" {rC+ rN+ Dex+4 Stlth+}

@: very slow
A: permanent stasis, dig shafts and tunnels, four strong arms, antennae 3,
hooves 1, molten scales 1, frail 1, low mp 1
a: Dig, Shaft Self, Bend Time, Temporal Distortion, Slouch, Step From Time,
Renounce Religion


You were on level 15 of the Dungeon.
You worshipped Cheibriados.
Cheibriados was exalted by your worship.
You were not hungry.

You visited 4 branches of the dungeon, and saw 24 of its levels.
You also visited: Labyrinth and Bailey.

You collected 2423 gold pieces.
You spent 2305 gold pieces at shops.

Inventory:

Hand Weapons
 d - a +1 fustibalus of velocity
 u - the +8 lajatang of Uncomfortable Rashes (weapon) {venom, *Noise Dex+8}
   (You found it on level 4 of the Dungeon)

   It poisons the flesh of those it strikes.
   It affects your dexterity (+8).
   It may make noises in combat.
 A - a +1 bardiche of protection
 F - a +0 battleaxe
Missiles
 o - 176 sling bullets
Armour
 c - a +0 shield (worn)
 i - a +4 plate armour of magic resistance (worn)
 I - a scarf of cloud immunity (worn)
 J - a +1 pair of gloves (worn)
 O - the +4 scale mail of Xulaifil {rPois rCorr Str-2}
   (You found it on level 15 of the Dungeon)

   It affects your strength (-2).
   It protects you from poison.
   It protects you from acid and corrosion.
 Q - a cursed -2 plate armour
 S - a +2 pair of boots (worn)
Jewellery
 b - an uncursed ring of positive energy
 p - an amulet of harm (around neck)
 t - a +4 ring of strength
 y - an uncursed amulet of guardian spirit
 E - the ring "Lieng" (left hand) {rF+ rC+ rN++ Dex-3 SInv}
   (You bought it in a shop on level 2 of the Orcish Mines)

   [ring of protection from cold]

   It affects your dexterity (-3).
   It protects you from fire.
   It protects you from cold.
   It greatly protects you from negative energy.
   It lets you see invisible.
 K - the ring "Bapyptin" (right hand) {rC+ rN+ Dex+4 Stlth+}
   (You bought it in a shop on level 2 of the Orcish Mines)

   [ring of stealth]

   It affects your dexterity (+4).
   It protects you from cold.
   It protects you from negative energy.
   It makes you more stealthy.
Wands
 a - a wand of lightning (6/15)
 j - a wand of polymorph (10/24)
 z - a wand of disintegration (15/24)
 W - a wand of disintegration (21/24)
 X - a wand of disintegration (11/24)
Scrolls
 h - 3 scrolls of recharging
 k - 3 scrolls of immolation
 l - 4 scrolls of amnesia
 m - 8 scrolls of remove curse
 q - 5 scrolls of fear
 s - a scroll of identify
 B - a scroll of summoning
 D - 2 scrolls of fog
 L - 7 scrolls of enchant weapon
 M - 2 scrolls of silence
 R - 4 scrolls of magic mapping
 Y - 3 scrolls of enchant armour
Potions
 e - 3 potions of lignification
 n - 2 potions of cancellation
 r - 4 potions of flight
 v - 4 potions of heal wounds
 w - 2 potions of magic
 G - a potion of might
 H - 2 potions of brilliance
 P - 2 potions of experience {unknown}
 U - a potion of resistance
 V - 10 potions of curing
Comestibles
 f - 7 bread rations
 g - 13 fruits
 x - 8 royal jellies
 C - 5 meat rations


   Skills:
 + Level 12.6 Fighting
 + Level 15.2 Axes
 * Level 4.4 Staves
 + Level 7.3 Slings
 + Level 13.0 Armour
 + Level 10.6 Dodging
 + Level 13.6 Shields
 + Level 10.4 Invocations


You had 16 spell levels left.
You didn't know any spells.

Dungeon Overview and Level Annotations

Branches:
Dungeon (15/15)            Temple (1/1) D:5            Lair (6/6) D:11
 Shoals (0/4) Lair:2       Spider (0/4) Lair:4        Slime (0/5) Lair:6
    Orc (2/2) D:12            Elf (0/3) Orc:2        Vaults (0/5) D:14
 Depths: D:15

Altars:
Ashenzari
Cheibriados
Dithmenos
Elyvilon
Gozag
Hepliaklqana
Kikubaaqudgha
Makhleb
Nemelex Xobeh
Okawaru
Qazlal
Ru
Sif Muna
Trog
Uskayaw
Vehumet
Xom
Yredelemnul
Zin
The Shining One
Beogh
Jiyva

Shops:
D:8 [   D:12 }   D:14 *%   Orc:2 =(*((

Annotations:
Lair:2 exclusion: oklob plant


Innate Abilities, Weirdness & Mutations

You cannot be hasted, slowed, berserked, paralysed or teleported.
You can dig through walls and to a lower floor.
Your four strong arms can wield two-handed weapons with a shield.
You have a pair of large antennae on your head. (SInv)
You have large cloven feet.
You are partially covered in molten scales. (AC +2)
You are frail. (-10% HP)
Your magical capacity is low. (-10% MP)


Message History

The fire dragon is heavily wounded.
You block the fire dragon's attack. The fire dragon closely misses you.
The fire dragon misses you.
You hit the fire dragon but do no damage.
The fire dragon is heavily wounded.
The fire dragon bites you but does no damage.
The fire dragon closely misses you. x2
You slice the fire dragon!!
The fire dragon is severely wounded.
The fire dragon breathes flames at you. The blast of flame hits you!
You resist.
* * * LOW HITPOINT WARNING * * *
You can feel time thicken for a moment.
You kill the fire dragon!
Cheibriados appreciates the change of pace.
You feel somewhat more hungry.
The crimson imp zaps a wand.
The bolt of acid hits you!
* * * LOW HITPOINT WARNING * * *
You are splashed with acid!
The acid burns!
You die...

##..###..## #.........
#..## ##..# #....####.
..## ##.# #.(..# #. ###
#.####### ####.# #. # #$.
#.##....# #.# ## ###$5
#.##....######## #.# ..#$.
#.##...........# #.#
#.#..#
#.####.#######.####.#####
#.##..
#.......@................
#..##.
####.5..#######.####.#.###
#...#{##.##.#..#
#.####.#.#
#.#.#.....#†#..#
#......#.#
#.#.#..8....#..#
########.# #
#.#.##....#.#..# #.# #
#.#..##..##.##.# #{# #
#.##..##.#.)##.# ## #.# #
#.###..##..#...## #≈## #.#
#


You could see a crimson imp.

Vanquished Creatures
  The ghost of Kave the Grappler, a journeyman TrTm of Sif Muna (D:15)
  4 orc warlords
  Azrael (D:15)
  A minotaur (Lab)
  2 fire dragons (D:15)
  5 hydras
  7 ogre magi
  A catoblepas (Lair:4)
  4 vault guards (D:14)
  The ghost of dipablo the Fighter, a novice MiFi of Okawaru (D:9)
  3 centaur warriors
  26 two-headed ogres
  An orc high priest (Orc:1)
  4 death yaks (Lair:6)
  2 unseen horrors
  The ghost of centipede the Covert, a novice SpAs of Dithmenos (D:8)
  A lindwurm (Lair:4)
  3 orc knights
  A wizard (D:14)
  A wolf spider zombie (D:15)
  6 orc sorcerers
  17 ugly things
  2 cyclopes
  2 oklob plants (Lair:3)
  2 black mambas
  A manticore (D:15)
  13 spiny frogs
  A gargoyle (D:15)
  7 rime drakes
  2 kobold demonologists (D:15)
  An efreet (D:14)
  8 komodo dragons
  2 yaktaurs (D:14)
  2 tengu conjurers (D:13)
  3 meliai (D:14)
  The ghost of NoxCultor the Cudgeler, an amateur MiBe of Trog (D:5)
  15 trolls
  A wolf spider simulacrum (D:15)
  A harpy skeleton (D:15)
  3 slime creatures (D:14)
  Grinder (D:5)
  5 hornets (Lair:6)
  5 polar bears
  6 dream sheep
  14 hippogriffs
  9 blink frogs
  A meliai zombie (D:14)
  2 shadows
  Sigmund (D:5)
  4 wraiths
  37 yaks
  2 redbacks (Lab)
  12 spriggans (Lair:6)
  5 wyverns
  A steam dragon (D:11)
  A human (D:7)
  Grum (D:9)
  A basilisk (Lair:2)
  A water elemental (D:15)
  A fire elemental (D:15)
  2 hungry ghosts
  A golden eye (D:15)
  4 hogs (D:7)
  6 vampire mosquitoes
  6 wargs
  Menkaure (D:7)
  The ghost of myxocpahck the Stinger, an amateur MfVM (D:4)
  An acid dragon (D:14)
  A soldier ant (D:13)
  20 water moccasins
  Duvessa (D:5)
  14 porcupines
  5 hell hounds
  6 ice beasts
  4 sky beasts
  34 orc warriors
  A phantom (D:6)
  6 black bears
  3 eyes of draining
  27 wolves
  38 ogres
  4 necrophages
  3 boggarts (Lair:6)
  11 centaurs
  18 crocodiles
  5 big kobolds
  Dowan (D:5)
  23 bullfrogs
  9 gnoll sergeants
  5 scorpions
  3 wights (D:7)
  18 killer bees
  An electric eel (Lair:2)
  7 howler monkeys
  4 bullfrog zombies
  10 crimson imps
  7 hounds
  A quasit (D:13)
  23 orc priests
  3 jellies
  2 centaur zombies
  7 gnoll shamans
  23 orc wizards
  Crazy Yiuf (D:5)
  9 centaur skeletons
  Natasha (thrice) (D:2)
  4 iguanas
  6 worker ants
  A howler monkey zombie (D:6)
  5 worker ant zombies
  13 adders
  32 gnolls
  5 shadow imps
  An adder zombie (D:5)
  A worm (D:4)
  2 dart slugs
  8 leopard geckos
  148 orcs
  13 bats
  5 giant cockroaches
  7 goblins
  8 hobgoblins
  8 jackals
  6 quokkas
  3 frilled lizards
  26 kobolds
  2 leopard gecko zombies
  A quokka skeleton (D:4)
  4 rats
962 creatures vanquished.

Vanquished Creatures (others)
  A wolf spider simulacrum (D:15)
  An orc wizard (D:4)
  An orc (Orc:1)
  3 fungi
  7 plants
13 creatures vanquished.

Grand Total: 975 creatures vanquished

Notes
Turn   | Place    | Note
-------+----------+-------------------------------------------
     0 | D:1      | Llamajah the Formicid Fighter began the quest for the Orb.
     0 | D:1      | Reached XP level 1. HP: 18/18 MP: 1/1
   186 | D:1      | Reached XP level 2. HP: 24/24 MP: 2/2
   568 | D:2      | Reached skill level 1 in Dodging
   606 | D:2      | Reached XP level 3. HP: 24/29 MP: 3/3
   743 | D:2      | Reached XP level 4. HP: 31/35 MP: 4/4
   760 | D:2      | Noticed Natasha
   768 | D:2      | Killed Natasha
  1108 | D:2      | Noticed Natasha
  1119 | D:2      | Killed Natasha
  1119 | D:2      | Reached skill level 3 in Axes
  1119 | D:2      | Reached XP level 5. HP: 17/42 MP: 5/5
  1236 | D:2      | Noticed Natasha
  1243 | D:2      | Killed Natasha
  2187 | D:3      | Reached XP level 6. HP: 26/48 MP: 6/6
  2920 | D:4      | Reached skill level 4 in Axes
  3233 | D:4      | Noticed an ogre
  3492 | D:4      | Got a slimy lajatang
  3493 | D:4      | Identified the +8 lajatang of Uncomfortable Rashes {venom, *Noise Dex+8} (You found it on level 4 of the Dungeon)
  3514 | D:4      | Reached XP level 7. HP: 21/55 MP: 7/7
  3764 | D:4      | Reached skill level 5 in Shields
  3826 | D:4      | Found a glowing golden altar of the Shining One.
  3874 | D:4      | Found a basalt altar of Yredelemnul.
  3878 | D:4      | Noticed an angel
  3888 | D:4      | Noticed a profane servitor
  4008 | D:4      | Noticed myxocpahck's ghost (amateur MfVM)
  4014 | D:4      | Killed myxocpahck's ghost
  4306 | D:4      | Reached skill level 5 in Axes
  4306 | D:4      | Reached skill level 5 in Armour
  4306 | D:4      | Reached XP level 8. HP: 61/61 MP: 8/8
  4410 | D:5      | Entered Level 5 of the Dungeon
  4424 | D:5      | Found a staircase to the Ecumenical Temple.
  4452 | Temple   | Entered the Ecumenical Temple
  4550 | Temple   | Became a worshipper of Cheibriados the Contemplative
  4700 | D:5      | Found a stormy altar of Qazlal.
  4700 | D:5      | Found a shattered altar of Ashenzari.
  4702 | D:5      | Found a glowing silver altar of Zin.
  4702 | D:5      | Noticed a troll
  4740 | D:5      | Reached skill level 5 in Fighting
  4750 | D:5      | Noticed NoxCultor's ghost (amateur MiBe)
  4769 | D:5      | Killed NoxCultor's ghost
  5008 | D:5      | Noticed Dowan
  5009 | D:5      | Noticed Duvessa
  5014 | D:5      | Killed Duvessa
  5017 | D:5      | Killed Dowan
  5017 | D:5      | Reached skill level 6 in Axes
  5049 | D:5      | Noticed Sigmund
  5054 | D:5      | Killed Sigmund
  5054 | D:5      | Reached XP level 9. HP: 65/69 MP: 9/9
  5072 | D:5      | Noticed Grinder
  5078 | D:5      | Killed Grinder
  5078 | D:5      | Reached * piety under Cheibriados
  5201 | D:5      | Found a runed door.
  5261 | D:5      | Noticed Crazy Yiuf
  5264 | D:5      | Killed Crazy Yiuf
  5774 | D:6      | Reached skill level 7 in Axes
  6227 | D:6      | Reached ** piety under Cheibriados
  6412 | D:7      | Noticed Menkaure
  6415 | D:7      | Killed Menkaure
  6562 | D:7      | Reached XP level 10. HP: 77/77 MP: 10/10
  6594 | D:7      | Reached skill level 8 in Axes
  6741 | D:7      | Reached skill level 5 in Dodging
  6959 | D:7      | Reached *** piety under Cheibriados
  7094 | D:8      | Found an ancient bone altar of Kikubaaqudgha.
  7127 | D:8      | Reached skill level 9 in Axes
  7722 | D:8      | Noticed centipede's ghost (novice SpAs)
  7763 | D:8      | Killed centipede's ghost
  7763 | D:8      | Reached XP level 11. HP: 48/86 MP: 8/11
  7815 | D:8      | Found Conkig's Antique Armour Emporium.
  7818 | D:8      | Reached **** piety under Cheibriados
  8000 | D:8      | Noticed a two-headed ogre
  8005 | D:8      | Killed a two-headed ogre
  8351 | D:8      | Reached skill level 10 in Axes
  8354 | D:8      | Reached ***** piety under Cheibriados
  8446 | D:9      | Noticed Grum
  8455 | D:9      | Killed Grum
  8492 | D:9      | Noticed dipablo's ghost (novice MiFi)
  8512 | D:9      | Killed dipablo's ghost
  8897 | D:9      | Noticed a two-headed ogre
  8900 | D:9      | Killed a two-headed ogre
  9190 | D:9      | Noticed a two-headed ogre
  9196 | D:9      | Killed a two-headed ogre
  9264 | D:10     | Entered Level 10 of the Dungeon
  9413 | D:10     | Found a roughly hewn altar of Beogh.
  9441 | D:10     | Reached XP level 12. HP: 70/95 MP: 8/12
 10066 | D:10     | Found a shadowy altar of Dithmenos.
 10123 | D:11     | Reached skill level 11 in Axes
 10190 | D:11     | Noticed a two-headed ogre
 10197 | D:11     | Killed a two-headed ogre
 10197 | D:11     | Reached skill level 1 in Invocations
 10561 | D:11     | Reached ****** piety under Cheibriados
 10563 | D:11     | Reached skill level 10 in Shields
 10679 | D:11     | Noticed a centaur warrior
 10692 | D:11     | Killed a centaur warrior
 11460 | D:11     | Found a staircase to the Lair.
 11478 | D:11     | Gained mutation: Your magical capacity is low. (-10% MP) [potion of mutation]
 11478 | D:11     | Gained mutation: You have large cloven feet. [potion of mutation]
 11478 | D:11     | Gained mutation: You are partially covered in molten scales. (AC +2) [potion of mutation]
 11894 | D:12     | Noticed an unseen horror
 11923 | D:12     | Killed an unseen horror
 11932 | D:12     | Noticed a two-headed ogre
 11939 | D:12     | Killed a two-headed ogre
 12030 | D:12     | Reached XP level 13. HP: 81/103 MP: 14/14
 12138 | D:12     | Reached skill level 10 in Armour
 12168 | D:12     | Found a staircase to the Orcish Mines.
 12251 | D:12     | Found Solatomm's Gadget Shoppe.
 12585 | D:12     | Reached skill level 12 in Axes
 12697 | D:8      | Bought a shiny plate armour for 624 gold pieces
 12965 | D:13     | Reached skill level 10 in Fighting
 13173 | D:13     | Found an iron altar of Okawaru.
 13448 | D:12     | Reached skill level 5 in Invocations
 13778 | D:14     | Noticed a centaur warrior
 13788 | D:14     | Found Ruestreus's Food Boutique.
 13807 | D:14     | Killed a centaur warrior
 13864 | D:14     | Found Pait's General Store.
 13875 | D:14     | Found a labyrinth entrance.
 13881 | Lab      | Entered a labyrinth
 14710 | Lab      | Noticed a minotaur
 14723 | Lab      | Killed a minotaur
 14728 | Lab      | Got a fine trident {pierce}
 14907 | Lab      | Identified the +9 trident "Ciruyd" {pierce, +Blink rN+} (You took it off a minotaur in a labyrinth)
 15514 | D:13     | Reached XP level 14. HP: 76/111 MP: 16/16
 16066 | D:13     | HP: 5/111 [poisoned by a meliai]
 16073 | D:13     | HP: 5/111 [poisoned by a meliai]
 16563 | Lair:1   | Entered Level 1 of the Lair of Beasts
 17524 | Lair:1   | Reached skill level 1 in Slings
 18003 | Lair:2   | Reached skill level 13 in Axes
 18016 | Lair:2   | Got a transparent trident
 18017 | Lair:2   | Identified the +5 trident "Muochouf" {pierce, rF+ rN+ Int+4 Dex-5} (You found it on level 2 of the Lair of Beasts)
 18185 | Lair:2   | Got a faintly glowing chain mail
 18201 | Lair:2   | Identified the +1 chain mail of Purpose {Regen+} (You found it on level 2 of the Lair of Beasts)
 18406 | Lair:2   | Found a staircase to the Shoals.
 19211 | Lair:3   | Found a frozen archway.
 19918 | Lair:4   | Found a hole to the Spider Nest.
 20190 | Lair:4   | Found a radiant altar of Vehumet.
 21265 | Lair:5   | Reached XP level 15. HP: 101/119 MP: 19/19
 22218 | Lair:6   | Entered Level 6 of the Lair of Beasts
 22347 | Lair:6   | Reached skill level 14 in Axes
 22647 | Lair:6   | Found a viscous altar of Jiyva.
 22648 | Lair:6   | Found a staircase to the Slime Pits.
 22679 | Lair:6   | Reached skill level 5 in Slings
 23602 | Orc:1    | Entered Level 1 of the Orcish Mines
 23679 | Orc:1    | Found a flagged portal.
 23690 | Bailey   | Entered a bailey
 24059 | Orc:1    | Noticed an orc warlord
 24073 | Orc:1    | Killed an orc warlord
 24471 | Orc:1    | Noticed an orc warlord
 24492 | D:12     | Killed an orc warlord
 24492 | D:12     | Reached skill level 10 in Dodging
 24492 | D:12     | Reached XP level 16. HP: 107/127 MP: 20/20
 24859 | Orc:2    | Entered Level 2 of the Orcish Mines
 24859 | Orc:2    | Found Ceyzeud's Weapon Emporium.
 25244 | Orc:2    | Found a staircase to the Elven Halls.
 25309 | Orc:2    | Found a shimmering altar of Xom.
 25312 | Orc:2    | Found a burning altar of Makhleb.
 25357 | Orc:2    | Reached skill level 1 in Staves
 25473 | Orc:2    | Reached skill level 10 in Invocations
 25703 | Orc:2    | Found Loabasoi's Weapon Boutique.
 25703 | Orc:2    | Found Jaute's Weapon Shoppe.
 25704 | Orc:2    | Found Hasih's Assorted Antiques.
 25704 | Orc:2    | Found Zitsyvak's Jewellery Shop.
 25712 | Orc:2    | Bought a scroll of identify for 46 gold pieces
 25712 | Orc:2    | Bought a scroll of enchant armour for 172 gold pieces
 26057 | Orc:2    | Bought the ring "Lieng" {rF+ rC+ rN++ Dex-3 SInv} for 758 gold pieces
 26057 | Orc:2    | Bought the ring "Bapyptin" {rC+ rN+ Dex+4 Stlth+} for 705 gold pieces
 26307 | D:14     | Reached skill level 15 in Axes
 26313 | D:14     | Found a gate to the Vaults.
 26493 | D:15     | Entered Level 15 of the Dungeon
 26591 | D:15     | Noticed Kave's ghost (journeyman TrTm)
 26600 | D:15     | Killed Kave's ghost
 26600 | D:15     | Reached XP level 17. HP: 103/135 MP: 22/22
 26606 | D:15     | Noticed Azrael
 27210 | D:15     | Killed Azrael
 27376 | D:15     | Got a smoking scale mail
 27387 | D:15     | Identified the +4 scale mail of Xulaifil {rPois rCorr Str-2} (You found it on level 15 of the Dungeon)
 27513 | D:15     | Gained mutation: You are frail. (-10% HP) [a neqoxec]
 27886 | D:15     | Splashed by a crimson imp's acid

Skill      XL: |  1  2  3  4  5  6  7  8  9 10 11 12 13 14 15 16 17 |
---------------+----------------------------------------------------+-----
Dodging        | 1 2 3 4 5 6 7 8 9 10 | 10.6
Shields        | 4 5 6 7 8 9 10 11 12 13 | 13.6
Axes           | 3 4 5 6 7 9 10 11 12 13 14 15 | 15.2
Armour         | 4 5 6 7 8 9 10 11 12 13 | 13.0
Fighting       | 4 5 6 7 9 10 11 12 | 12.6
Invocations    | 3 6 8 9 10 | 10.4
Slings         | 3 5 6 7 |  7.3
Staves         | 3 4 |  4.4

Action                   |  1- 3 |  4- 6 |  7- 9 | 10-12 | 13-15 | 16-18 || total
-------------------------+-------+-------+-------+-------+-------+-------++-------
Melee: War axe           |    88 |   148 |       |       |       |       ||   236
       Lajatang          |       |     8 |   170 |   505 |   938 |   462 ||  2083
 Fire: Fustibalus        |       |       |       |       |    37 |       ||    37
Invok: Slouch            |       |       |       |       |     3 |     7 ||    10
 Abil: Dig               |       |       |       |       |    10 |     2 ||    12
  Use: Potion            |       |       |     1 |    10 |     3 |       ||    14
       Scroll            |       |       |       |    13 |    17 |     1 ||    31
 Stab: Invisible         |       |       |       |       |     2 |       ||     2
       Distracted        |       |       |       |       |     1 |       ||     1
  Eat: Chunk             |       |     5 |     5 |    10 |    15 |     8 ||    43
       Royal jelly       |       |     1 |     2 |       |     3 |       ||     6
       Meat ration       |       |       |       |       |     1 |       ||     1
Armor: Scale mail        |    36 |    79 |    40 |    84 |       |       ||   239
       Chain mail        |       |       |       |    55 |     5 |       ||    60
       Plate armour      |       |       |       |    32 |   362 |   116 ||   510
       Skin              |       |       |       |    12 |       |       ||    12
Dodge: Dodged            |    39 |    57 |    60 |   447 |   875 |   309 ||  1787
Block: Shield            |    42 |    92 |   103 |   673 |  1305 |   535 ||  2750
